 Dungeon Crawl Stone Soup version 0.20.1-1-g8b1a95d (webtiles) character file.

4819 equalderp2856 the Cleaver (level 10, -2/89 HPs)
             Began as a Minotaur Fighter on Sept 3, 2017.
             Slain by a two-headed ogre
             ... wielding a +0 giant spiked club
              (8 damage)
             ... on level 8 of the Dungeon.
             The game lasted 00:14:58 (6822 turns).

equalderp2856 the Cleaver (Minotaur Fighter)        Turns: 6822, Time: 00:14:59

Health: -2/89      AC: 19    Str: 22    XL:     10   Next: 24%
Magic:  9/9        EV:  7    Int:  5    God:
Gold:   342        SH:  0    Dex: 12    Spells: 9/9 levels left

rFire    . . .     SeeInvis .   a - +0 war axe
rCold    . . .     Gourm    .   c - +0 shield
rNeg     . . .     Faith    .   z - +0 plate armour
rPois    .         Spirit   .   (helmet restricted)
rElec    .         Reflect  .   C - +0 cloak (curse)
rCorr    .         Harm     .   D - +0 pair of gloves (curse)
MR       .....     Rnd*Tele +   A - +1 pair of boots
Stlth    ..........             (no amulet)
Regen    0.3/turn               n - ring of teleportation (curse)
MPRegen  0.2/turn               r - ring of loudness (curse)

@: confused
A: retaliatory headbutt, horns 2
a: no special abilities


You were on level 8 of the Dungeon.
You were not hungry.

You visited 1 branch of the dungeon, and saw 8 of its levels.

You collected 342 gold pieces.

Inventory:

Hand Weapons
 a - a +0 war axe (weapon)
Armour
 b - a +0 scale mail
 c - a +0 shield (worn)
 z - a +0 plate armour (worn)
 A - a +1 pair of boots (worn)
 C - a cursed +0 cloak (worn)
 D - a cursed +0 pair of gloves (worn)
Jewellery
 n - a cursed ring of teleportation (left hand)
 r - a cursed ring of loudness (right hand)
 E - a cursed ring of loudness
Wands
 s - a wand of enslavement (11/24)
 v - a wand of iceblast (11/15)
Scrolls
 e - 5 scrolls of remove curse
 h - 7 scrolls of identify
 i - 7 scrolls of teleportation
 o - 2 scrolls of enchant armour
 p - 2 scrolls of recharging
 x - 2 scrolls of random uselessness
Potions
 d - 2 potions of might
 j - a potion of brilliance {unknown}
 k - 6 potions of curing
 m - a potion of degeneration {unknown}
 q - 2 potions of ambrosia
 t - a potion of flight {unknown}
 u - a potion of mutation {unknown}
 B - a potion of heal wounds {unknown}
Comestibles
 f - 6 bread rations
 g - 16 fruits
 l - 4 royal jellies
 w - 4 meat rations


   Skills:
 + Level 8.3 Fighting
 + Level 11.5 Axes
 + Level 8.5 Armour
 + Level 3.1 Dodging
 + Level 1.2 Stealth
 + Level 8.8 Shields


You had 9 spell levels left.
You didn't know any spells.

Dungeon Overview and Level Annotations

Branches:
Dungeon (8/15)             Temple (0/1) D:5
   Lair: D:8-11

Altars:
Elyvilon
Fedhas
Kikubaaqudgha
Makhleb
Uskayaw
Yredelemnul


Innate Abilities, Weirdness & Mutations

You reflexively headbutt those who attack you in melee.
You have a pair of horns on your head.


Message History

The two-headed ogre barely misses you.
The two-headed ogre hits you but does no damage.
Unknown command.
You closely miss the two-headed ogre.
You headbutt the two-headed ogre, but do no damage.
The two-headed ogre is moderately wounded.
You hit the gargoyle but do no damage.
The gargoyle hurls a stone arrow at you.
The stone arrow hits you!
* * * LOW HITPOINT WARNING * * *
It was a potion of ambrosia.
You are confused.
You feel invigorated.
The two-headed ogre hits you with a giant spiked club!
* * * LOW HITPOINT WARNING * * *
The two-headed ogre closely misses you. The gargoyle barely misses you.
Unknown command.
You bump into the stone wall.
The two-headed ogre hits you with a giant spiked club!
You die...

#..=. .... #....
....
################
...............
..............
##################
#......#.....#....
#......#.....#..()
#@###..#..#..#.(#.
#O9[#..#..#..#..#.
#.).#.....#..)..#.
#[[!#.....#.....#.
##################


You could see a two-headed ogre and a gargoyle.

Vanquished Creatures
  A two-headed ogre (D:8)
  The ghost of Alarak the Cleaver, a novice HOFi of Makhleb (D:5)
  The ghost of ConnectionFaild the Archer, a novice CeHu (D:6)
  A slime creature (D:7)
  The ghost of Frank the Sneak, an amateur OpMo (D:4)
  Sigmund (D:6)
  A sky beast (D:5)
  Purgy (D:4)
  2 orc warriors
  A phantom (D:6)
  2 ice beasts
  A centaur (D:8)
  4 ogres
  A bullfrog (D:7)
  2 scorpions (D:4)
  5 wights
  A howler monkey (D:6)
  2 crimson imps
  A bullfrog zombie (D:6)
  A hound (D:6)
  A centaur zombie (D:6)
  2 orc priests
  10 jellies (D:7)
  Crazy Yiuf (D:6)
  4 orc wizards
  2 bullfrog skeletons
  Natasha (thrice) (D:2)
  4 worker ants
  A worker ant zombie (D:6)
  11 adders
  7 gnolls
  14 oozes
  An adder skeleton (D:4)
  4 worms
  4 dart slugs
  5 leopard geckos
  23 orcs
  4 ball pythons
  4 giant cockroaches
  12 goblins
  8 hobgoblins
  23 jackals
  6 kobolds
  6 quokkas
  11 bats
  4 frilled lizards
  8 rats
  4 fungi
218 creatures vanquished.

Vanquished Creatures (others)
  An orc (D:8)
  5 fungi (D:7)
6 creatures vanquished.

Grand Total: 224 creatures vanquished

Notes
Turn   | Place    | Note
-------+----------+-------------------------------------------
     0 | D:1      | equalderp2856 the Minotaur Fighter began the quest for the Orb.
     0 | D:1      | Reached XP level 1. HP: 19/19 MP: 0/0
   220 | D:1      | Reached XP level 2. HP: 27/27 MP: 1/1
   389 | D:1      | Reached XP level 3. HP: 33/33 MP: 2/2
   564 | D:1      | Reached skill level 3 in Axes
   773 | D:2      | Noticed Natasha
   779 | D:2      | Killed Natasha
   779 | D:2      | Reached XP level 4. HP: 35/41 MP: 3/3
  1166 | D:2      | Reached skill level 4 in Axes
  1177 | D:2      | Reached skill level 1 in Dodging
  1278 | D:2      | Reached XP level 5. HP: 47/47 MP: 4/4
  1353 | D:2      | Noticed Natasha
  1357 | D:2      | Killed Natasha
  1357 | D:2      | Reached skill level 5 in Fighting
  1390 | D:2      | Noticed Natasha
  1399 | D:2      | Killed Natasha
  1583 | D:3      | Reached XP level 6. HP: 42/56 MP: 5/5
  1967 | D:3      | Reached skill level 5 in Shields
  2104 | D:3      | Noticed a hippogriff
  2228 | D:3      | Found a blossoming altar of Fedhas.
  2339 | D:4      | Reached skill level 5 in Axes
  2358 | D:4      | Noticed Frank's ghost (amateur OpMo)
  2515 | D:4      | Killed Frank's ghost
  2515 | D:4      | Reached skill level 6 in Axes
  2515 | D:4      | Reached skill level 5 in Armour
  2515 | D:4      | Reached XP level 7. HP: 46/61 MP: 6/6
  2759 | D:4      | Noticed Purgy
  2774 | D:4      | Killed Purgy
  3247 | D:4      | Found a burning altar of Makhleb.
  3257 | D:4      | Reached skill level 7 in Axes
  3257 | D:4      | Reached XP level 8. HP: 62/70 MP: 7/7
  3489 | D:5      | Entered Level 5 of the Dungeon
  3568 | D:5      | Found an ancient bone altar of Kikubaaqudgha.
  3778 | D:5      | Found a staircase to the Ecumenical Temple.
  3804 | D:5      | Noticed Alarak's ghost (novice HOFi)
  3825 | D:5      | Killed Alarak's ghost
  3825 | D:5      | Reached skill level 8 in Axes
  3825 | D:5      | Reached skill level 1 in Stealth
  4150 | D:5      | Found a basalt altar of Yredelemnul.
  4384 | D:5      | Found a white marble altar of Elyvilon.
  4514 | D:6      | Noticed ConnectionFaild's ghost (novice CeHu)
  4537 | D:6      | Killed ConnectionFaild's ghost
  4537 | D:6      | Reached XP level 9. HP: 38/79 MP: 8/8
  4544 | D:6      | Reached skill level 9 in Axes
  4803 | D:6      | Noticed Sigmund
  5210 | D:6      | Killed Sigmund
  5356 | D:6      | Reached skill level 10 in Axes
  5600 | D:6      | Found a runed door.
  5604 | D:6      | Noticed Crazy Yiuf
  5610 | D:6      | Killed Crazy Yiuf
  6097 | D:7      | Found a hide-covered altar of Uskayaw.
  6098 | D:7      | Noticed a dagger
  6099 | D:7      | Noticed a dagger
  6246 | D:7      | Reached XP level 10. HP: 88/88 MP: 9/9
  6348 | D:8      | Noticed a two-headed ogre
  6362 | D:8      | Killed a two-headed ogre
  6362 | D:8      | Reached skill level 11 in Axes
  6810 | D:8      | Noticed a two-headed ogre
  6810 | D:8      | Noticed a gargoyle
  6821 | D:8      | HP: 2/89 [two-headed ogre/giant spiked club (14)]
  6822 | D:8      | Slain by a two-headed ogre

Skill      XL: |  1  2  3  4  5  6  7  8  9 10 |
---------------+-------------------------------+-----
Shields        | 4 5 7 8 |  8.8
Fighting       | 4 5 6 7 8 |  8.3
Armour         | 4 5 6 8 |  8.5
Axes           | 3 4 6 7 8 10 11 | 11.5
Dodging        | 1 2 3 |  3.1
Stealth        | 1 |  1.2

Action                   |  1- 3 |  4- 6 |  7- 9 | 10-12 || total
-------------------------+-------+-------+-------+-------++-------
Melee: War axe           |    78 |   148 |   377 |    43 ||   646
       Headbutt          |    12 |    21 |    58 |    13 ||   104
  Use: Scroll            |       |       |     9 |     1 ||    10
       Potion            |       |       |       |     1 ||     1
  Eat: Chunk             |       |     5 |    10 |     2 ||    17
       Fruit             |       |       |     3 |       ||     3
Armor: Scale mail        |    34 |    79 |    28 |       ||   141
       Plate armour      |       |       |   101 |    15 ||   116
Dodge: Dodged            |    26 |    58 |    94 |    16 ||   194
Block: Shield            |    41 |    99 |   174 |    28 ||   342
